[Event "1st SOA-GM Festival 2024"]
[Site "Bhubaneswar"]
[Date "2024.02.01"]
[Round "4.9"]
[White "Neelash Saha"]
[Black "Nilssen, Ellen Fredericia"]
[Result "1-0"]
[WhiteElo "2446"]
[BlackElo "2184"]
[PlyCount "109"]
[EventDate "2024.02.01"]
[EventType "swiss"]
[EventCountry "IND"]
[TimeControl "5400+30"]

1. b3 d5 2. Bb2 c5 3. e3 Nc6 4. Bb5 Bd7 5. Nf3 a6 6. Bxc6 Bxc6 7. Ne5 Rc8 8. d4 cxd4 9. Qxd4 e6 10. Nd2 Nf6 11. O-O-O Qa5 12. Kb1 Bc5 13. Qf4 Bb4 14. Qg5 Kf8 15. Ndf3 Bc3 16. Bxc3 Qxc3 17. Rd3 Qc5 18. Rc1 Ne4 19. Qf4 Be8 20. Nd4 Ke7 21. c4 g5 22. Qf3 f6 23. Nxe6 Qd6 24. Rxd5 Qxe5 25. Nf4 Nc3+ 26. Rxc3 Qxc3 27. Rd3 Bc6 28. Nd5+ Bxd5 29. Qxd5 Qe1+ 30. Rd1 Qxd1+ 31. Qxd1 Rcd8 32. Qc2 Rd7 33. Qe4+ Kd8 34. h4 gxh4 35. Qxh4 Rf8 36. Kc2 Kc8 37. Qf4 Rff7 38. g4 Rc7 39. Kc3 Rcd7 40. a4 a5 41. Qf5 b6 42. Qb5 f5 43. Qc6+ Rc7 44. Qa8+ Kd7 45. Qd5+ Kc8 46. gxf5 Rf6 47. e4 Rd7 48. Qg8+ Kb7 49. Qg5 Rfd6 50. Qe3 Rd1 51. e5 Ra1 52. e6 Rdd1 53. e7 Rac1+ 54. Qxc1 Rxc1+ 55. Kd2 1-0

[Event "1st SOA-GM Festival 2024"]
[Site "Bhubaneswar"]
[Date "2024.02.01"]
[Round "4.10"]
[White "Kaustuv, Kundu"]
[Black "Aquino, Jethro Dino"]
[Result "0-1"]
[WhiteElo "2423"]
[BlackElo "2166"]
[PlyCount "38"]
[EventDate "2024.02.01"]
[EventType "swiss"]
[EventCountry "IND"]
[TimeControl "5400+30"]

1. c4 Nf6 2. Nf3 c5 3. b3 g6 4. Bb2 Bg7 5. g3 O-O 6. Bg2 Nc6 7. O-O e6 8. d4 cxd4 9. Nxd4 d5 10. cxd5 exd5 11. Nxc6 bxc6 12. Nc3 Re8 13. Rc1 Bf5 14. Na4 Qd6 15. e3 Be4 16. Bh3 g5 17. Qd4 Nh5 18. Qc5 Qh6 19. Qxc6 Nxg3 0-1

[Event "1st SOA-GM Festival 2024"]
[Site "Bhubaneswar"]
[Date "2024.02.01"]
[Round "4.11"]
[White "Nithin Babu"]
[Black "Sidhant, Mohapatra"]
[Result "1/2-1/2"]
[WhiteElo "2177"]
[BlackElo "2421"]
[PlyCount "60"]
[EventDate "2024.02.01"]
[EventType "swiss"]
[EventCountry "IND"]
[TimeControl "5400+30"]

1. e4 c5 2. Nf3 d6 3. Bb5+ Nd7 4. c3 a6 5. Ba4 Ngf6 6. Qe2 b5 7. Bc2 e5 8. d4 Qc7 9. O-O Be7 10. a4 Rb8 11. axb5 axb5 12. h3 O-O 13. Be3 b4 14. dxe5 dxe5 15. Nbd2 bxc3 16. bxc3 Bb7 17. Bg5 Nb6 18. Bxf6 Bxf6 19. Nc4 Nxc4 20. Qxc4 Bc8 21. Rfb1 Be6 22. Qe2 Rxb1+ 23. Rxb1 Rb8 24. Qa6 h5 25. Nd2 Bg5 26. Rxb8+ Qxb8 27. Nc4 h4 28. Nb6 Qd6 29. Qa8+ Qd8 30. Qxd8+ Bxd8 1/2-1/2

[Event "1st SOA-GM Festival 2024"]
[Site "Bhubaneswar"]
[Date "2024.02.01"]
[Round "4.12"]
[White "Panda Sambit"]
[Black "Majumder Shrayan"]
[Result "1-0"]
[WhiteElo "2404"]
[BlackElo "1916"]
[PlyCount "153"]
[EventDate "2024.02.01"]
[EventType "swiss"]
[EventCountry "IND"]
[TimeControl "5400+30"]

1. Nf3 c5 2. c4 Nc6 3. g3 g6 4. Bg2 Bg7 5. O-O e5 6. Nc3 Nge7 7. a3 O-O 8. d3 d6 9. Rb1 a5 10. Ne1 Be6 11. Nd5 Rb8 12. f4 f6 13. a4 Nb4 14. e4 Nbxd5 15. cxd5 Bd7 16. b3 b5 17. axb5 Rxb5 18. Nc2 a4 19. Na3 Rxb3 20. Rxb3 axb3 21. Qxb3 Qb8 22. Qc2 Nc8 23. Be3 Nb6 24. Rb1 Qa7 25. Qb2 Ra8 26. Nb5 Na4 27. Qc2 Bxb5 28. Rxb5 Qa6 29. Rb3 Nb6 30. Qb1 Nd7 31. Rb7 Ra7 32. Rxa7 Qxa7 33. Bh3 Nf8 34. fxe5 fxe5 35. Qb5 Qa1+ 36. Kg2 Qa2+ 37. Bf2 Qa7 38. Qe8 Bf6 39. Be3 Qe7 40. Qc6 Kg7 41. Bc8 Bg5 42. Bf2 h5 43. h4 Bf6 44. Be1 g5 45. hxg5 Bxg5 46. Ba5 Be3 47. Bc7 Qf6 48. Bf5 c4 49. dxc4 Bc5 50. Bb6 Bxb6 51. Qxb6 h4 52. Qc7+ Kh6 53. gxh4 Ng6 54. Bxg6 Qxg6+ 55. Kf3 Kh5 56. c5 Qg4+ 57. Ke3 Qg1+ 58. Ke2 Qg2+ 59. Kd3 Qf1+ 60. Kc3 Qf3+ 61. Kb4 Qxe4+ 62. Kb5 Qxd5 63. Qxd6 Qb7+ 64. Qb6 Qd7+ 65. Ka6 Qa4+ 66. Kb7 Qd7+ 67. Kb8 Qe8+ 68. Kc7 Qe7+ 69. Kc8 Qe8+ 70. Kc7 Qe7+ 71. Kb8 Qe8+ 72. Ka7 Qd7+ 73. Ka6 Qa4+ 74. Qa5 Qxa5+ 75. Kxa5 e4 76. Kb4 Kg4 77. c6 1-0

[Event "1st SOA-GM Festival 2024"]
[Site "Bhubaneswar"]
[Date "2024.02.01"]
[Round "4.13"]
[White "Elgabry, Mohsen"]
[Black "Ritviz, Parab"]
[Result "0-1"]
[WhiteElo "2160"]
[BlackElo "2391"]
[PlyCount "68"]
[EventDate "2024.02.01"]
[EventType "swiss"]
[EventCountry "IND"]
[TimeControl "5400+30"]

1. b3 e5 2. Bb2 Nc6 3. e3 Nf6 4. Nf3 e4 5. Nd4 d5 6. Nxc6 bxc6 7. Be2 Bd6 8. d3 h5 9. h3 Bf5 10. Nd2 Qe7 11. a3 Rd8 12. d4 a5 13. Bc3 c5 14. Nf1 cxd4 15. exd4 Bxa3 16. Ne3 Be6 17. Bxa5 h4 18. O-O Bd6 19. c4 Qd7 20. f4 exf3 21. Rxf3 Bg3 22. cxd5 Nxd5 23. Nxd5 Bxd5 24. Re3+ Kf8 25. Bb4+ Kg8 26. Bc5 Qf5 27. Qf1 Qg5 28. Rc3 Rh6 29. Bf3 Re8 30. Bg4 Rf6 31. Bf3 Re3 32. Bxd5 Rxf1+ 33. Rxf1 Rxc3 34. Bxf7+ Kh7 0-1

[Event "1st SOA-GM Festival 2024"]
[Site "Bhubaneswar"]
[Date "2024.02.01"]
[Round "4.14"]
[White "Tologon tegin, Semetei"]
[Black "Dhananjay S"]
[Result "0-1"]
[WhiteElo "2384"]
[BlackElo "2151"]
[PlyCount "56"]
[EventDate "2024.02.01"]
[EventType "swiss"]
[EventCountry "IND"]
[TimeControl "5400+30"]

1. Nf3 Nf6 2. e3 d5 3. c4 e6 4. b3 Bd6 5. Bb2 b6 6. Nc3 a6 7. g3 O-O 8. Bg2 Bb7 9. cxd5 exd5 10. O-O Re8 11. Rc1 Nbd7 12. d4 Qe7 13. Rc2 Ne4 14. Qc1 f5 15. Ne2 Rac8 16. Nf4 Qf7 17. Ba3 c5 18. dxc5 bxc5 19. Rd1 Bxf4 20. gxf4 Qg6 21. Kh1 Qh5 22. Ng5 d4 23. Re1 Nxg5 24. Bxb7 Nf3 25. Kg2 Qg4+ 26. Kh1 Qh3 27. Bxf3 Qxf3+ 28. Kg1 Rc6 0-1

[Event "1st SOA-GM Festival 2024"]
[Site "Bhubaneswar"]
[Date "2024.02.01"]
[Round "4.15"]
[White "Gonzales, Jayson"]
[Black "Priansh Das"]
[Result "0-1"]
[WhiteElo "2367"]
[BlackElo "1910"]
[PlyCount "189"]
[EventDate "2024.02.01"]
[EventType "swiss"]
[EventCountry "IND"]
[TimeControl "5400+30"]

1. d4 Nf6 2. Nf3 g6 3. c4 Bg7 4. Nc3 d6 5. Bg5 O-O 6. e3 c6 7. Be2 Qc7 8. Nd2 e5 9. d5 Ne8 10. g4 h6 11. Bh4 a5 12. e4 Na6 13. f3 Nc5 14. Nb3 Na6 15. Qd2 Kh7 16. O-O-O a4 17. Nxa4 cxd5 18. Kb1 dxc4 19. Bxc4 Bxg4 20. Be2 Be6 21. Rc1 Nc5 22. Naxc5 dxc5 23. Rxc5 Bxb3 24. Rxc7 Bxa2+ 25. Kc2 Nxc7 26. Ra1 Ne6 27. Rxa2 Rxa2 28. Bc4 Nd4+ 29. Kd3 Ra1 30. Be7 Re8 31. Bc5 Nxf3 32. Qf2 Rd8+ 33. Bd5 Ng5 34. Kc2 Rc8 35. Kb3 Rc7 36. Bb6 Rd7 37. Qe2 Rd6 38. Bc5 Ne6 39. Bxe6 Rxe6 40. Qb5 Rc1 41. Ka2 h5 42. h4 Rc6 43. b4 Rc7 44. Qe8 Rc4 45. Kb3 Rxe4 46. Qd8 Rc6 47. Qd7 Rf6 48. Qxb7 Rxh4 49. Ka4 Rf1 50. Kb5 Rhf4 51. Qg2 e4 52. Kc6 R1f3 53. Bd6 Rf6 54. Kc7 Rc3+ 55. Bc5 Bf8 56. Qb2 Rff3 57. Kc6 Rxc5+ 58. bxc5 Rf5 59. Qd4 Bxc5 60. Qxe4 Bf8 61. Kd7 Bg7 62. Qc4 Kg8 63. Qc8+ Bf8 64. Qc3 Rd5+ 65. Ke8 Bg7 66. Qc6 Re5+ 67. Kd7 Re6 68. Qa8+ Kh7 69. Qf3 Bf6 70. Qg2 Re5 71. Kd6 Kg7 72. Qf3 h4 73. Kd7 g5 74. Kd6 Kg6 75. Qd3+ Rf5 76. Kd7 g4 77. Ke8 Be5 78. Qe4 Kg5 79. Qe3+ Bf4 80. Qc3 f6 81. Kf7 h3 82. Kg7 h2 83. Qc6 Be5 84. Qg2 Kh4 85. Kf7 Rf3 86. Kg6 Rc3 87. Kf5 Rf3+ 88. Kg6 Bg3 89. Kh6 f5 90. Kg6 Rf2 91. Qa8 Kh3 92. Qh1 Bh4 93. Kh5 f4 94. Qd1 Kg2 95. Qxg4+ 0-1

[Event "1st SOA-GM Festival 2024"]
[Site "Bhubaneswar"]
[Date "2024.02.01"]
[Round "4.16"]
[White "Salonika, Saina"]
[Black "Liyanage, Ranindu Dilshan"]
[Result "1/2-1/2"]
[WhiteElo "2113"]
[BlackElo "2366"]
[PlyCount "62"]
[EventDate "2024.02.01"]
[EventType "swiss"]
[EventCountry "IND"]
[TimeControl "5400+30"]

1. e4 c5 2. Nf3 Nc6 3. d4 cxd4 4. Nxd4 Nf6 5. Nc3 e5 6. Ndb5 d6 7. Bg5 a6 8. Na3 b5 9. Nd5 Be7 10. Bxf6 Bxf6 11. c4 b4 12. Nc2 a5 13. g3 g6 14. h4 h5 15. Bh3 Bg7 16. Bxc8 Rxc8 17. b3 Nb8 18. Qd2 Nd7 19. Rd1 Nc5 20. f3 O-O 21. Nde3 Qf6 22. Ke2 Rcd8 23. Nd5 Qe6 24. Nc7 Qe7 25. Nd5 Qe6 26. Nc7 Qd7 27. Nb5 Qe7 28. Qd5 Ne6 29. Qc6 Nd4+ 30. Ncxd4 exd4 31. Qd5 Rc8 1/2-1/2

[Event "1st SOA-GM Festival 2024"]
[Site "Bhubaneswar"]
[Date "2024.02.01"]
[Round "4.17"]
[White "Manish Anto Cristiano F"]
[Black "Jake Shanty"]
[Result "0-1"]
[WhiteElo "2349"]
[BlackElo "1903"]
[PlyCount "44"]
[EventDate "2024.02.01"]
[EventType "swiss"]
[EventCountry "IND"]
[TimeControl "5400+30"]

1. Nf3 Nf6 2. g3 b6 3. Bg2 Bb7 4. c4 e6 5. O-O Be7 6. d4 O-O 7. Nc3 Ne4 8. Qd3 Nxc3 9. Ng5 Nxe2+ 10. Qxe2 Bxg2 11. Qh5 Bxg5 12. Bxg5 f6 13. Kxg2 fxg5 14. Rad1 Qf6 15. f4 Nc6 16. fxg5 Qg6 17. Qxg6 hxg6 18. d5 Rxf1 19. Kxf1 Ne5 20. dxe6 d6 21. b4 Nxc4 22. Rc1 b5 0-1

[Event "1st SOA-GM Festival 2024"]
[Site "Bhubaneswar"]
[Date "2024.02.01"]
[Round "4.18"]
[White "John Veny Akkarakaran"]
[Black "Roy Chowdhury, Saptarshi"]
[Result "1/2-1/2"]
[WhiteElo "2112"]
[BlackElo "2233"]
[PlyCount "169"]
[EventDate "2024.02.01"]
[EventType "swiss"]
[EventCountry "IND"]
[TimeControl "5400+30"]

1. e4 b6 2. d4 Bb7 3. Nc3 e6 4. Nf3 d6 5. Bd3 Nd7 6. O-O g6 7. Bf4 Bg7 8. Qd2 h6 9. h4 a6 10. a4 Ne7 11. Rfe1 e5 12. dxe5 Nxe5 13. Nxe5 dxe5 14. Bg3 O-O 15. Rad1 Nc6 16. Nd5 Nd4 17. c3 Ne6 18. Qe3 Qe8 19. Bc2 Rd8 20. Qf3 Rd6 21. b4 Qd8 22. Bb3 Kh8 23. Ne3 Rxd1 24. Rxd1 Qe7 25. Bd5 c6 26. Bb3 b5 27. a5 h5 28. Qe2 Bc8 29. Qd2 Rd8 30. Qc2 Rxd1+ 31. Qxd1 Kg8 32. Qd2 Nf4 33. Nf1 Bh6 34. Qd1 Bg7 35. Qd2 Ne6 36. Nh2 Kh8 37. Nf1 Kg8 38. Nh2 Kh8 39. Nf1 Kg8 40. Nh2 Nf4 41. Nf3 Bh6 42. Bxf4 Bxf4 43. Qd3 Bg4 44. g3 Bh6 45. Kg2 Kg7 46. Nh2 Qd7 47. Qxd7 Bxd7 48. Nf1 Bc1 49. Ne3 Bd2 50. Nd1 f5 51. Kf3 Kf6 52. Ke2 Bc1 53. exf5 gxf5 54. Kd3 f4 55. Kc2 fxg3 56. fxg3 Bh6 57. Kd3 Bf5+ 58. Ke2 Bf8 59. Ne3 Bd7 60. Nd1 Bf5 61. Ne3 Bg6 62. Ng2 Bd6 63. Ba2 Bf5 64. Ne3 Bg6 65. Ng2 Ke7 66. Bb3 Kf6 67. Ba2 Bf5 68. Ne3 Bd7 69. Ng2 Bg4+ 70. Kf2 e4 71. Bb1 Be5 72. Bxe4 Bxc3 73. Bxc6 Bxb4 74. Bb7 Bxa5 75. Bxa6 b4 76. Bc4 Bb6+ 77. Ke1 Bc7 78. Nf4 Bxf4 79. gxf4 Kf5 80. Kd2 Bf3 81. Kc2 Kxf4 82. Kb3 Kg4 83. Kxb4 Kxh4 84. Bf7 Kg3 85. Bxh5 1/2-1/2

[Event "1st SOA-GM Festival 2024"]
[Site "Bhubaneswar"]
[Date "2024.02.01"]
[Round "4.19"]
[White "Nikhil Magizhnan"]
[Black "Frayna, Janelle Mae"]
[Result "1-0"]
[WhiteElo "1994"]
[BlackElo "2197"]
[PlyCount "95"]
[EventDate "2024.02.01"]
[EventType "swiss"]
[EventCountry "IND"]
[TimeControl "5400+30"]

1. d4 d5 2. c4 e6 3. Nf3 Nf6 4. g3 Be7 5. Bg2 O-O 6. O-O c6 7. Qd3 b6 8. b3 Nbd7 9. Nc3 Ba6 10. Bf4 Rc8 11. Rfd1 Ba3 12. Rab1 Qe7 13. e4 h6 14. e5 Ne8 15. h4 Nc7 16. Ne1 b5 17. cxd5 cxd5 18. Qd2 b4 19. Na4 Bb5 20. Nc2 Na8 21. Nxa3 bxa3 22. Nc3 a6 23. Rbc1 Nb8 24. Nb1 Nc6 25. Rc3 Rc7 26. Rcc1 Rcc8 27. Rc3 Rc7 28. Rdc1 Rcc8 29. Rd1 Rc7 30. Rdc1 Qb4 31. Be3 Rfc8 32. Rxc6 Qxd2 33. Rxc7 Qxa2 34. Rxc8+ Kh7 35. Nd2 Bd3 36. Bf1 Bf5 37. Rxa8 Qb2 38. Rcc8 h5 39. Be2 Kg6 40. Rh8 Bg4 41. Bxg4 hxg4 42. Rxa6 a2 43. Rha8 f6 44. exf6 gxf6 45. Rxa2 Qc1+ 46. Kg2 e5 47. dxe5 fxe5 48. R2a6+ 1-0

[Event "1st SOA-GM Festival 2024"]
[Site "Bhubaneswar"]
[Date "2024.02.01"]
[Round "4.20"]
[White "Savchenko, Boris"]
[Black "Mahindrakar Indrajeet"]
[Result "1-0"]
[WhiteElo "2489"]
[BlackElo "2039"]
[PlyCount "73"]
[EventDate "2024.02.01"]
[EventType "swiss"]
[EventCountry "IND"]
[TimeControl "5400+30"]

1. d4 Nf6 2. c4 Nc6 3. Nf3 e6 4. Nc3 d6 5. h3 g6 6. e4 Bg7 7. Bg5 h6 8. Be3 e5 9. d5 Ne7 10. Qc1 a6 11. Bd3 Nh5 12. Bc2 f5 13. exf5 gxf5 14. O-O f4 15. Bd2 O-O 16. Kh2 Nf5 17. Qd1 Qe8 18. Bd3 Bd7 19. Ne4 Nf6 20. Qe2 Kh8 21. g4 Ne7 22. Bc3 Nxg4+ 23. hxg4 Bxg4 24. Rh1 Rg8 25. Kg2 Nf5 26. Rag1 Qg6 27. Kf1 b5 28. b3 bxc4 29. bxc4 Rab8 30. Ke1 Bf6 31. Rxg4 Qxg4 32. Nxf6 Qg2 33. Rh2 Qg6 34. Nxg8 Kxg8 35. Qc2 e4 36. Bxe4 Re8 37. Kd2 1-0

[Event "1st SOA-GM Festival 2024"]
[Site "Bhubaneswar"]
[Date "2024.02.01"]
[Round "5.1"]
[White "Ayush Sharma"]
[Black "Tahbaz, Arash"]
[Result "1/2-1/2"]
[WhiteElo "2378"]
[BlackElo "2425"]
[PlyCount "86"]
[EventDate "2024.02.01"]
[EventType "swiss"]
[EventCountry "IND"]
[TimeControl "5400+30"]

1. Nf3 c5 2. c4 g6 3. g3 Bg7 4. Bg2 Nc6 5. O-O e6 6. Nc3 Nge7 7. e3 O-O 8. d4 cxd4 9. Nxd4 Nxd4 10. exd4 d5 11. cxd5 Nxd5 12. Nxd5 exd5 13. Qb3 Be6 14. Be3 Qd7 15. a4 Rfc8 16. Rfc1 a6 17. h4 h5 18. Rc3 Rc6 19. Rxc6 Qxc6 20. Rc1 Qd7 21. a5 Bf6 22. Qc3 Qa4 23. Qa3 Qd7 24. Qc5 Qd8 25. Qb4 Rc8 26. Rc3 Rxc3 27. bxc3 Qd7 28. Bg5 Bxg5 29. hxg5 Qd8 30. Kh2 Qc7 31. f4 Kg7 32. Bf3 h4 33. Qc5 hxg3+ 34. Kxg3 Qd8 35. Bg2 Qh8 36. Qd6 Qh5 37. Qe5+ Kg8 38. Bxd5 Qh3+ 39. Kf2 Bxd5 40. Qxd5 Qxc3 41. Qd8+ Kh7 42. Ke2 Qc2+ 43. Ke3 Qb3+ 1/2-1/2

[Event "1st SOA-GM Festival 2024"]
[Site "Bhubaneswar"]
[Date "2024.02.01"]
[Round "5.2"]
[White "Audi Ameya"]
[Black "Soham Kamotra"]
[Result "1/2-1/2"]
[WhiteElo "2385"]
[BlackElo "2348"]
[PlyCount "72"]
[EventDate "2024.02.01"]
[EventType "swiss"]
[EventCountry "IND"]
[TimeControl "5400+30"]

1. g3 d5 2. Nf3 Nf6 3. Bg2 e6 4. c4 d4 5. e3 c5 6. O-O Nc6 7. exd4 cxd4 8. d3 Bd6 9. Bg5 h6 10. Bxf6 Qxf6 11. Nbd2 Qe7 12. Re1 O-O 13. a3 a5 14. Nb3 Rd8 15. Nbxd4 Nxd4 16. Nxd4 Bxg3 17. hxg3 Rxd4 18. Re3 a4 19. b4 axb3 20. Qxb3 h5 21. Qc3 Qc5 22. a4 Ra6 23. a5 e5 24. Qa3 Qc7 25. Qb4 h4 26. Qb5 Re6 27. Rae1 Bd7 28. Qxb7 Qxa5 29. Bd5 Re7 30. Qb2 hxg3 31. Qxd4 exd4 32. Rxe7 Be6 33. R1xe6 gxf2+ 34. Kxf2 fxe6 35. Rxe6 Kf8 36. Re2 g5 1/2-1/2

[Event "1st SOA-GM Festival 2024"]
[Site "Bhubaneswar"]
[Date "2024.02.01"]
[Round "5.3"]
[White "Subhayan Kundu"]
[Black "Vignesh Advaith Vemula"]
[Result "0-1"]
[WhiteElo "2385"]
[BlackElo "2028"]
[PlyCount "68"]
[EventDate "2024.02.01"]
[EventType "swiss"]
[EventCountry "IND"]
[TimeControl "5400+30"]

1. e4 c5 2. Nf3 d6 3. d4 cxd4 4. Nxd4 Nf6 5. Nc3 a6 6. f3 e5 7. Nb3 Be6 8. Be3 Be7 9. Qd2 Nbd7 10. g4 b5 11. O-O-O b4 12. Nd5 Bxd5 13. exd5 Nb6 14. Na5 Nbxd5 15. Nc6 Qc7 16. Nxb4 Nxb4 17. Qxb4 O-O 18. g5 Rfc8 19. Bd3 Rab8 20. Qa4 Nd7 21. Qe4 g6 22. Bxa6 Rb4 23. Qd3 Rcb8 24. b3 Nc5 25. Bxc5 Qxc5 26. h4 Rd4 27. Qe2 Qa3+ 28. Kb1 Ra4 29. Bc4 d5 30. Bxd5 Qxa2+ 31. Kc1 Qa3+ 32. Kd2 Rd4+ 33. Ke1 Qa5+ 34. c3 Rxd5 0-1

[Event "1st SOA-GM Festival 2024"]
[Site "Bhubaneswar"]
[Date "2024.02.01"]
[Round "5.4"]
[White "Goutham Krishna H"]
[Black "Fawzy, Adham"]
[Result "1-0"]
[WhiteElo "2288"]
[BlackElo "2522"]
[PlyCount "95"]
[EventDate "2024.02.01"]
[EventType "swiss"]
[EventCountry "IND"]
[TimeControl "5400+30"]

1. Nf3 Nf6 2. c4 g6 3. Nc3 Bg7 4. d4 O-O 5. Bf4 c5 6. d5 d6 7. e4 a6 8. a4 Nh5 9. Be3 e6 10. Be2 exd5 11. cxd5 Bg4 12. O-O Nd7 13. Re1 Qc7 14. Qc2 c4 15. a5 Rac8 16. Ra4 Rfe8 17. Rea1 Qd8 18. Rb4 f5 19. exf5 Bxf5 20. Qd2 Nc5 21. Bxc5 Rxc5 22. Nd4 Rxa5 23. Rd1 Bxd4 24. Qxd4 Qf6 25. Qxf6 Nxf6 26. Rxb7 Bc2 27. Rc1 Bd3 28. Bf3 g5 29. h3 h5 30. g4 hxg4 31. hxg4 Kf8 32. Kg2 Bg6 33. Rb6 Ke7 34. Re1+ Kd7 35. Rb7+ Kd8 36. Rh1 Re7 37. Rb6 Ne8 38. Rh8 Kd7 39. Rg8 Bd3 40. Rb7+ Nc7 41. Bd1 Bh7 42. Rf8 Be4+ 43. Nxe4 Rxe4 44. Rf7+ Re7 45. Rxe7+ Kxe7 46. Rxc7+ Kf6 47. Bf3 Ra4 48. Be2 1-0

[Event "1st SOA-GM Festival 2024"]
[Site "Bhubaneswar"]
[Date "2024.02.01"]
[Round "5.5"]
[White "Ghosh, Diptayan"]
[Black "Rajesh, V A V"]
[Result "1-0"]
[WhiteElo "2568"]
[BlackElo "2331"]
[PlyCount "117"]
[EventDate "2024.02.01"]
[EventType "swiss"]
[EventCountry "IND"]
[TimeControl "5400+30"]

1. Nf3 Nf6 2. g3 b6 3. Bg2 Bb7 4. O-O e6 5. c4 d5 6. cxd5 exd5 7. Nc3 Nbd7 8. d4 c6 9. Nh4 Be7 10. Nf5 O-O 11. Bf4 Re8 12. Rc1 Bf8 13. Re1 Nh5 14. Bd6 g6 15. Bxf8 Nxf8 16. Nh6+ Kg7 17. Ng4 Ne6 18. e3 Nf6 19. Ne5 c5 20. Qa4 a6 21. dxc5 Nxc5 22. Qd4 Ne6 23. Qd2 Nc5 24. Nf3 Nfe4 25. Qd4+ Qf6 26. Red1 Rad8 27. Qxf6+ Kxf6 28. Nd4 Rd6 29. h4 Red8 30. Nce2 Ke7 31. Bh3 Nf6 32. Nf4 Ne8 33. Nd3 Nxd3 34. Rxd3 Rb8 35. Rdc3 Kd8 36. b4 b5 37. Nb3 f5 38. Bg2 Rc8 39. Nc5 Rc7 40. Kf1 Bc8 41. Rd1 Nf6 42. Ke1 Ke7 43. Rcd3 Be6 44. Ra3 Nd7 45. Nxe6 Kxe6 46. Bxd5+ Ke7 47. Bg2 Rb6 48. Rad3 Ne5 49. Rd5 Nc4 50. h5 Na3 51. Rc5 Rd7 52. Rxd7+ Kxd7 53. Bd5 gxh5 54. Bb3 Rf6 55. Ke2 h4 56. gxh4 Rh6 57. Rd5+ Kc6 58. Rd4 Rd6 59. Kd3 1-0

[Event "1st SOA-GM Festival 2024"]
[Site "Bhubaneswar"]
[Date "2024.02.01"]
[Round "5.6"]
[White "Aquino, Jethro Dino"]
[Black "Das, Sayantan"]
[Result "0-1"]
[WhiteElo "2166"]
[BlackElo "2514"]
[PlyCount "76"]
[EventDate "2024.02.01"]
[EventType "swiss"]
[EventCountry "IND"]
[TimeControl "5400+30"]

1. e4 c6 2. d4 d5 3. f3 Qb6 4. Nc3 dxe4 5. Bc4 Nf6 6. fxe4 e5 7. dxe5 Ng4 8. Qe2 Nxe5 9. Bb3 Bg4 10. Nf3 Nbd7 11. Bd2 O-O-O 12. h3 Nxf3+ 13. gxf3 Bh5 14. O-O-O Ne5 15. Rhf1 Bb4 16. Be3 Qa5 17. Rd5 Rd7 18. Rxd7 Rf8 19. Rd8+ Rxd8 20. Nb1 h6 21. a3 Be7 22. Nd2 g5 23. Qf2 Qb5 24. a4 Qa5 25. f4 gxf4 26. Bxf4 Bg5 27. Kb1 Bxf4 28. Qxf4 Be2 29. Qf5+ Kc7 30. Nf3 Bxf3 31. Rxf3 Qe1+ 32. Ka2 Nxf3 33. Qxf7+ Kb6 34. Qxf3 Rd1 35. Bc4 Ra1+ 36. Kb3 a5 37. Qf8 Qe3+ 38. c3 Qd2 0-1

[Event "1st SOA-GM Festival 2024"]
[Site "Bhubaneswar"]
[Date "2024.02.01"]
[Round "5.7"]
[White "Dhananjay S"]
[Black "Neelash Saha"]
[Result "1/2-1/2"]
[WhiteElo "2151"]
[BlackElo "2446"]
[PlyCount "127"]
[EventDate "2024.02.01"]
[EventType "swiss"]
[EventCountry "IND"]
[TimeControl "5400+30"]

1. c4 e6 2. g3 d5 3. Bg2 Nf6 4. Nf3 Be7 5. O-O O-O 6. b3 b6 7. Nc3 c6 8. d4 Ba6 9. Nd2 Nbd7 10. Re1 c5 11. dxc5 Bxc5 12. Bb2 Ng4 13. e3 Nge5 14. Qe2 Rc8 15. f4 Nc6 16. a3 Be7 17. b4 Bxc4 18. Nxc4 dxc4 19. Red1 Ncb8 20. Rd4 b5 21. Rad1 a6 22. f5 Qe8 23. fxe6 fxe6 24. Bh3 Rf6 25. Ne4 Rh6 26. Bg2 Rc7 27. Bc3 Nc6 28. R4d2 Nce5 29. Nf2 Qh5 30. Qxh5 Rxh5 31. h4 g5 32. hxg5 Rxg5 33. Kh2 Nf6 34. Nh3 Rf5 35. Re2 Nf3+ 36. Bxf3 Rxf3 37. Kg2 Rxg3+ 38. Kxg3 Ne4+ 39. Kf3 Nxc3 40. Rg1+ Kf8 41. Rc2 Nd5 42. Nf4 Nxf4 43. Kxf4 Bf6 44. Ke4 h5 45. Rf1 Rf7 46. Rcf2 Ke7 47. Rf3 Rf8 48. R1f2 h4 49. Rf1 c3 50. R1f2 Bg7 51. Rxf8 Bxf8 52. Kf4 Bh6+ 53. Kf3 Kd6 54. Ke4 Bg7 55. Kd3 Be5 56. Rf3 Ke7 57. e4 Kd6 58. Kc2 Kc6 59. Kd3 Kb6 60. Kc2 Kc7 61. Kd3 Kd6 62. Kc2 Ke7 63. Kd3 Bf6 64. Kc2 1/2-1/2

[Event "1st SOA-GM Festival 2024"]
[Site "Bhubaneswar"]
[Date "2024.02.01"]
[Round "5.8"]
[White "Priansh Das"]
[Black "Panda Sambit"]
[Result "1/2-1/2"]
[WhiteElo "1910"]
[BlackElo "2404"]
[PlyCount "60"]
[EventDate "2024.02.01"]
[EventType "swiss"]
[EventCountry "IND"]
[TimeControl "5400+30"]

1. c4 e6 2. g3 d5 3. Bg2 d4 4. d3 Nf6 5. Nf3 c5 6. e3 Nc6 7. exd4 cxd4 8. O-O Bc5 9. Re1 h6 10. Nbd2 O-O 11. Rb1 Re8 12. Ne5 Nxe5 13. Rxe5 Qc7 14. Re1 e5 15. b4 Bf8 16. Ne4 Nxe4 17. Bxe4 f5 18. Qh5 Qf7 19. Bd5 Be6 20. Qxf7+ Bxf7 21. Bxb7 Rab8 22. Bc6 Rxb4 23. Bd2 Rxb1 24. Rxb1 Rd8 25. Ba5 Rd6 26. Bb7 Rf6 27. Bd8 Re6 28. f3 Re8 29. Ba5 e4 30. fxe4 fxe4 1/2-1/2

[Event "1st SOA-GM Festival 2024"]
[Site "Bhubaneswar"]
[Date "2024.02.01"]
[Round "5.9"]
[White "Ritviz, Parab"]
[Black "Nikhil Magizhnan"]
[Result "1-0"]
[WhiteElo "2391"]
[BlackElo "1994"]
[PlyCount "71"]
[EventDate "2024.02.01"]
[EventType "swiss"]
[EventCountry "IND"]
[TimeControl "5400+30"]

1. e4 c5 2. Nc3 Nc6 3. Bb5 Nd4 4. Bc4 g6 5. Nge2 Bg7 6. Nxd4 cxd4 7. Qf3 Nh6 8. Ne2 O-O 9. d3 e5 10. Qg3 d6 11. h4 Ng4 12. h5 g5 13. h6 Bf6 14. Qf3 Kh8 15. Ng3 Be7 16. Nf5 Bxf5 17. exf5 Nf6 18. Bxg5 b5 19. Bb3 a5 20. a4 bxa4 21. Rxa4 Nd7 22. Bxe7 Qxe7 23. Bd5 Ra7 24. O-O Nb6 25. Ra3 Qf6 26. Rb3 Nd7 27. Qh5 Nc5 28. Rb6 Qe7 29. Ra1 Nd7 30. Rc6 Nf6 31. Qg5 Rg8 32. Rc8 Ne8 33. Qxe7 Rxe7 34. Rxa5 Nf6 35. Raa8 Rc7 36. Rxc7 1-0

[Event "1st SOA-GM Festival 2024"]
[Site "Bhubaneswar"]
[Date "2024.02.01"]
[Round "5.10"]
[White "Jake Shanty"]
[Black "Nguyen Van Huy"]
[Result "0-1"]
[WhiteElo "1903"]
[BlackElo "2364"]
[PlyCount "86"]
[EventDate "2024.02.01"]
[EventType "swiss"]
[EventCountry "IND"]
[TimeControl "5400+30"]

1. Nf3 Nf6 2. b3 d5 3. Bb2 Bg4 4. e3 Nbd7 5. d4 e6 6. Be2 Bb4+ 7. c3 Bd6 8. Nbd2 O-O 9. O-O Qe7 10. c4 c6 11. Ne5 Bxe2 12. Qxe2 Rfd8 13. Nxd7 Rxd7 14. c5 Bc7 15. f4 Ba5 16. Nf3 Ne4 17. a3 Bc7 18. b4 h6 19. Ne1 f5 20. g3 Kh7 21. Nd3 Rg8 22. Nf2 Nf6 23. h3 g5 24. Kh2 Qe8 25. Rg1 Rdg7 26. Rae1 Nh5 27. Nd3 Kh8 28. Qf2 Nf6 29. Qe2 Ne4 30. Ne5 Bxe5 31. fxe5 h5 32. Rg2 Rh7 33. Reg1 h4 34. g4 Rf8 35. gxf5 Rxf5 36. Bc1 Qf7 37. Bd2 Rf3 38. Be1 Qf5 39. Rg4 Nf2 40. Kg2 Rg3+ 41. Rxg3 hxg3 42. Bxf2 Qxh3+ 43. Kf3 Rf7# 0-1

[Event "1st SOA-GM Festival 2024"]
[Site "Bhubaneswar"]
[Date "2024.02.01"]
[Round "5.11"]
[White "Salonika, Saina"]
[Black "Savchenko, Boris"]
[Result "0-1"]
[WhiteElo "2113"]
[BlackElo "2489"]
[PlyCount "52"]
[EventDate "2024.02.01"]
[EventType "swiss"]
[EventCountry "IND"]
[TimeControl "5400+30"]

1. e4 g6 2. d4 Bg7 3. Nc3 a6 4. Be3 d6 5. Qd2 Nd7 6. h4 h6 7. h5 g5 8. a4 c5 9. Nge2 Ngf6 10. f3 Qa5 11. Nc1 Qc7 12. a5 O-O 13. Bxg5 cxd4 14. N3e2 hxg5 15. h6 Nxe4 16. fxe4 Bf6 17. Nxd4 b5 18. axb6 Qxb6 19. Ncb3 a5 20. Bc4 a4 21. Nf3 g4 22. Ng5 Ne5 23. Bd5 Bb7 24. Nd4 Qxb2 25. Ke2 Ba6+ 26. Ke3 Bxg5+ 0-1